 Dungeon Crawl Stone Soup version 0.29-a0-384-g6960b1960d (webtiles) character file.

Game seed: 417977788939494775

168 jimonade the Magician (level 5, -1/37 HPs)
             Began as a Gnoll Hedge Wizard on May 7, 2022.
             Slain by Sigmund
             ... wielding a +0 scythe
              (10 damage)
             ... on level 3 of the Dungeon.
             The game lasted 00:08:55 (4654 turns).

jimonade the Magician (Gnoll Hedge Wizard)          Turns: 4654, Time: 00:08:56

Health: -1/37      AC:  6    Str: 11    XL:     5   Next: 48%
Magic:  11/23      EV: 13    Int: 13    God:
Gold:   79         SH:  0    Dex: 12    Spells: 6/18 levels left

rFire   + + .      SeeInvis .   n - +0 spear
rCold   . . .      Faith    .   (no shield)
rNeg    . . .      Spirit   .   u - +3 leather armour "Estitwe" {-Tele rPois rF++ Regen+}
rPois   +          Reflect  .   c - +0 hat
rElec   .          Harm     .   (no cloak)
rCorr   .          Rampage  .   (no gloves)
Will    .....      NoTele   +   (no boots)
Stlth   +.........              (no amulet)
HPRegen 0.92/turn               y - ring of magical power
MPRegen 0.18/turn               (no ring)

@: confused
A: fangs 1, strong nose, distributed training
a: no special abilities


You were on level 3 of the Dungeon.
You visited 1 branch of the dungeon, and saw 3 of its levels.

You collected 79 gold pieces.

Inventory:

Hand Weapons
 a - a +0 dagger
 f - a +0 short sword
 j - a +0 whip
 n - a +0 spear (weapon)
Missiles
 e - 25 stones
Armour
 b - a +0 robe
 c - a +0 hat (worn)
 l - a +0 pair of boots
 q - a +0 leather armour
 s - the +2 scale mail of Integrity {Str+3}
   (You found it on level 2 of the Dungeon)

   Str:       It affects your strength (+3).
 u - the +3 leather armour "Estitwe" (worn) {-Tele rPois rF++ Regen+}
   (You found it on level 2 of the Dungeon)

   rF:        It greatly protects you from fire.
   rPois:     It protects you from poison.
   -Tele:     It prevents most forms of teleportation.
   Regen:     It increases your rate of health regeneration.
 A - a +0 pair of boots
Jewellery
 y - a ring of magical power (left hand)
Wands
 B - a wand of acid (9)
Scrolls
 g - a scroll of teleportation {unknown}
 h - 2 scrolls of immolation {unknown}
 i - 8 scrolls of identify {unknown}
 r - a scroll of enchant armour {unknown}
 t - a scroll of poison {unknown}
 v - a scroll of amnesia {unknown}
 z - a scroll of fear {unknown}
Potions
 d - 2 potions of magic
 k - a potion of heal wounds {unknown}
 m - a potion of brilliance {unknown}
 o - a potion of curing {unknown}
 p - a potion of berserk rage {unknown}
 w - a potion of lignification {unknown}
 x - a potion of mutation {unknown}


   Skills:
 + Level 1.5 Fighting
 + Level 1.5 Short Blades
 + Level 1.5 Long Blades
 + Level 1.5 Axes
 + Level 1.5 Maces & Flails
 + Level 1.5 Polearms
 + Level 1.5 Staves
 + Level 1.5 Slings
 + Level 1.5 Bows
 + Level 1.5 Crossbows
 + Level 1.5 Throwing
 + Level 1.5 Armour
 + Level 4.8 Dodging
 + Level 4.4 Stealth
 + Level 1.5 Shields
 + Level 1.5 Unarmed Combat
 + Level 7.3 Spellcasting
 + Level 2.4 Conjurations
 + Level 1.2 Hexes
 + Level 2.4 Summonings
 + Level 1.2 Necromancy
 + Level 2.4 Translocations
 + Level 1.2 Transmutations
 + Level 1.2 Fire Magic
 + Level 1.2 Ice Magic
 + Level 1.2 Air Magic
 + Level 1.2 Earth Magic
 + Level 1.2 Poison Magic
 + Level 1.7 Invocations
 + Level 1.5 Evocations


You had 6 spell levels left.
You knew the following spells:

 Your Spells              Type           Power      Damage    Failure   Level
a - Magic Dart            Conj           44%        1d5       7%          1
b - Blink                 Tloc           22%        N/A       11%         2
c - Call Imp              Summ           11%        N/A       11%         2
d - Slow                  Hex            28%        N/A       12%         1
e - Conjure Flame         Conj/Fire      9%         6-21      28%         3
f - Mephitic Cloud        Conj/Pois/Air  8%         N/A       30%         3

Your spell library contained the following spells:

 Spells                   Type           Power      Damage    Failure   Level


Dungeon Overview and Level Annotations

Branches:
Dungeon (3/15)

Altars:
Ashenzari
Fedhas
Qazlal

Annotations:
D:3 Sigmund


Innate Abilities, Weirdness & Mutations

You have very sharp teeth.
Your uncanny sense of smell can sniff out nearby items.
Your experience applies equally to all skills.


Message History

Unknown command.
Unknown command.
Casting: Magic Dart (safe; 7% risk of failure)
Confirm with . or Enter, or press ? or * to list all spells.
Aiming: Magic Dart (safe; 7% risk of failure)
Press: ? - help, Shift-Dir - straight line The magic dart hits something but does no damage.
Something hits you.
Casting: Magic Dart (safe; 7% risk of failure)
Confirm with . or Enter, or press ? or * to list all spells.
Aiming: Magic Dart (safe; 7% risk of failure)
Press: ? - help, Shift-Dir - straight line The magic dart hits something.
You hear some strange, mumbled words.
You are confused.
You're too confused to cast spells.
Sorry, you're not good enough to have a special ability.
A magic dart appears from out of thin air!
The magic dart hits you but does no damage.
Something hits you.
Your magical contamination has completely faded away.
Something hits you!
* * * LOW HITPOINT WARNING * * *
You closely miss something.
You feel less confused.
You hear some strange, mumbled words.
You are confused.
You barely miss something. Something hits you!
* * * LOW HITPOINT WARNING * * *
Okay, then.
You hear some strange, mumbled words.
You are more confused.
A magic dart appears from out of thin air!
The magic dart hits you.
* * * LOW HITPOINT WARNING * * *
You're too confused to move!
You hear some strange, mumbled words.
Something tries to affect you, but you resist.
Something hits you!
You die...

##?###.#.###..##########..###
.......#.#.....###........#
...............##.........#
[######........#..........#
##....................#
#.........#...........#
##..........<..........#
#............#...........#
................@.#.#........##
.........###.................##
........##.........#..........#
.............#....##..........#
............##....##..........#
.........### #....#...........#
........# ##....#...........##
........#
##.....#.#.....โ‰ˆ.ยง..#
.########
#........##...โ‰ˆ##โ‰ˆ..#


There were no monsters in sight!

Vanquished Creatures
  Jessica (D:2)
  Natasha (thrice) (D:2)
  2 adders (D:2)
  A worm (D:2)
  2 dart slugs
  3 endoplasms
  A giant cockroach (D:2)
  2 goblins (D:2)
  4 hobgoblins
  3 jackals (D:2)
  4 quokkas
  5 ball pythons
  6 bats
  2 frilled lizards (D:2)
  4 kobolds
  3 rats
46 creatures vanquished.

Notes
Turn   | Place    | Note
-------+----------+-------------------------------------------
     0 | D:1      | jimonade the Gnoll Hedge Wizard began the quest for the
                  | Orb.
     0 | D:1      | Reached XP level 1. HP: 13/13 MP: 8/8
   400 | D:1      | Reached XP level 2. HP: 19/19 MP: 6/10
  1181 | D:2      | Reached XP level 3. HP: 21/25 MP: 6/11
  1235 | D:2      | Learned a level 2 spell: Blink
  1238 | D:2      | Learned a level 2 spell: Call Imp
  1240 | D:2      | Learned a level 1 spell: Slow
  1244 | D:2      | Learned a level 3 spell: Conjure Flame
  1248 | D:2      | Learned a level 3 spell: Mephitic Cloud
  1533 | D:2      | Identified the +2 scale mail of Integrity {Str+3}
  1696 | D:2      | Noticed Jessica
  1699 | D:2      | Killed Jessica
  1700 | D:2      | Reached skill level 1 in Fighting
  1700 | D:2      | Reached skill level 1 in Short Blades
  1700 | D:2      | Reached skill level 1 in Long Blades
  1700 | D:2      | Reached skill level 1 in Axes
  1700 | D:2      | Reached skill level 1 in Maces & Flails
  1700 | D:2      | Reached skill level 1 in Polearms
  1700 | D:2      | Reached skill level 1 in Staves
  1700 | D:2      | Reached skill level 1 in Slings
  1700 | D:2      | Reached skill level 1 in Bows
  1700 | D:2      | Reached skill level 1 in Crossbows
  1700 | D:2      | Reached skill level 1 in Throwing
  1700 | D:2      | Reached skill level 1 in Armour
  1700 | D:2      | Reached skill level 1 in Shields
  1700 | D:2      | Reached skill level 1 in Unarmed Combat
  1700 | D:2      | Reached skill level 1 in Invocations
  1700 | D:2      | Reached skill level 1 in Evocations
  1700 | D:2      | Reached XP level 4. HP: 32/32 MP: 5/13
  2195 | D:2      | Found a broken altar of Ashenzari.
  2258 | D:2      | Identified the +3 leather armour "Estitwe" {-Tele rPois
                  | rF++ Regen+}
  2296 | D:2      | Noticed Natasha
  2305 | D:2      | Killed Natasha
  2306 | D:2      | Reached skill level 1 in Hexes
  2306 | D:2      | Reached skill level 1 in Necromancy
  2306 | D:2      | Reached skill level 1 in Transmutations
  2306 | D:2      | Reached skill level 1 in Fire Magic
  2306 | D:2      | Reached skill level 1 in Ice Magic
  2306 | D:2      | Reached skill level 1 in Air Magic
  2306 | D:2      | Reached skill level 1 in Earth Magic
  2306 | D:2      | Reached skill level 1 in Poison Magic
  2337 | D:2      | Reached XP level 5. HP: 37/37 MP: 10/14
  2637 | D:2      | Noticed Natasha
  2648 | D:2      | Killed Natasha
  2753 | D:2      | Noticed Natasha
  2761 | D:2      | Killed Natasha
  2805 | D:2      | Found a broken altar of Ashenzari.
  3837 | D:2      | Found a broken altar of Ashenzari.
  4171 | D:3      | Noticed Sigmund
  4488 | D:3      | Found a stormy altar of Qazlal.
  4501 | D:3      | Found a blossoming altar of Fedhas.
  4563 | D:3      | Found a faded altar of an unknown god.
  4654 | D:3      | Slain by Sigmund

Illustrated notes

Levels and vault maps discovered:
D:1:      matt_arrival_grand_opening, layout_basic
D:2:      layout_loops_corners, basic_altar, uniq_jessica, uniq_natasha
D:3:      layout_rooms, grunt_temple_overflow_forces_of_nature,
          nicolae_overflow_ecumenical_swirl, mainiacjoe_overflow_divided_tiny,
          shapermc_ecumenical_altar_totnotflames, uniq_sigmund

Skill      XL: |  1  2  3  4 |
---------------+-------------+-----
Conjurations   | 2 |  2.4
Summonings     | 2 |  2.4
Translocations | 2 |  2.4
Fighting       | 1 |  1.5
Short Blades   | 1 |  1.5
Long Blades    | 1 |  1.5
Axes           | 1 |  1.5
Maces & Flails | 1 |  1.5
Polearms       | 1 |  1.5
Staves         | 1 |  1.5
Slings         | 1 |  1.5
Bows           | 1 |  1.5
Crossbows      | 1 |  1.5
Throwing       | 1 |  1.5
Armour         | 1 |  1.5
Shields        | 1 |  1.5
Unarmed Combat | 1 |  1.5
Invocations    | 1 |  1.7
Evocations     | 1 |  1.5
Hexes          | 1 |  1.2
Necromancy     | 1 |  1.2
Transmutations | 1 |  1.2
Fire Magic     | 1 |  1.2
Ice Magic      | 1 |  1.2
Air Magic      | 1 |  1.2
Earth Magic    | 1 |  1.2
Poison Magic   | 1 |  1.2
Dodging        | |  4.8
Stealth        | |  4.4
Spellcasting   | |  7.3

Action                   |  1- 3 |  4- 6 || total
-------------------------+-------+-------++-------
Melee: Dagger            |     9 |    36 ||    45
       Bite              |     1 |     4 ||     5
       Punch             |       |     1 ||     1
       Spear             |       |    32 ||    32
 Cast: Magic Dart        |    77 |    80 ||   157
       Slow              |       |     2 ||     2
 Stab: Sleeping          |       |     1 ||     1
Armor: Robe              |     7 |     3 ||    10
       Leather armour    |       |    15 ||    15
Dodge: Dodged            |     9 |    67 ||    76

Table legend: (Time is in decaauts)
 A = Elapsed time spent in this place.
 B = Non-inter-level travel time spent in this place.
 C = Inter-level travel time spent in this place.
 D = Time resting spent in this place.
 E = Time spent auto-exploring this place.
 F = Levels seen in this place.
 G = Mean time per level.
                   A        B        C        D        E       F      G
               +--------+--------+--------+--------+--------+-----+--------+
         Total |   4652 |   4480 |    172 |    278 |   3469 |   3 | 1550.7 |
       Dungeon |   4652 |   4480 |    172 |    278 |   3469 |   3 | 1550.7 |
               +--------+--------+--------+--------+--------+-----+--------+

Top non-repeatable levels by time:
     D:2: 3413 daAuts
     D:1: 940 daAuts
     D:3: 298 daAuts
